Map: Tryton ER

Players

kers - Winner!

  • Race: Protoss Protoss
  • League: Platinum
  • Spawn Location: 11:00

Astar

  • Race: Zerg Zerg
  • League: Gold
  • Spawn Location: 5:00

VOD

Have the link to the VOD?

Description

Time

  • Played on: March 1, 2020, 2:40 p.m.
  • Length: 15:40
Show
View Real Time Build Order
Export as new Build Order

kers Protoss - Winner!

Build Orders: 1 Gate Expand, Archon Immortal 

Get SALT Encoding   

  12  0:00  Probe  
  13  0:12  Probe  
  14  0:21  Pylon  
  14  0:25  Probe  
  15  0:39  Probe  
  16  0:43  Gateway  
  16  0:51  Assimilator  
  16  0:52  Probe  
  17  1:04  Probe (Chrono Boost)  
  18  1:14  Probe (Chrono Boost)  
  19  1:18  Probe (Chrono Boost)  
  20  1:30  Probe  
  21  1:35  Nexus  
  21  1:42  Probe  
  22  1:52  Pylon  
  22  2:03  Cybernetics Core  
  22  2:07  Cybernetics Core  
  22  2:08  Probe  
  23  2:10  Zealot  
  25  2:20  Probe  
  25  2:31  Warp Gate (Chrono Boost)  
  25  2:32  Probe  
  26  2:38  Assimilator  
  26  2:44  Probe  
  26  2:45  Adept  
  26  2:47  Probe  
  30  2:51  Robotics Facility  
  30  2:56  Probe  
  31  3:00  Probe  
  32  3:08  Probe, Pylon  
  32  3:12  Probe  
  34  3:20  Probe  
  34  3:24  Probe  
  36  3:32  Probe  
  36  3:33  Gateway  
  37  3:35  Gateway  
  37  3:36  Probe  
  37  3:39  Assimilator  
  39  3:41  Assimilator, Observer (Chrono Boost)  
  39  3:44  Probe  
  39  3:48  Probe  
  41  3:52  Pylon  
  41  3:56  Observer (Chrono Boost)  
  41  3:57  Probe  
  41  4:00  Probe  
  44  4:09  Probe  
  45  4:12  Probe  
  45  4:13  Stalker  
  48  4:20  Immortal  
  48  4:21  Probe  
  48  4:23  Pylon  
  53  4:24  Probe  
  54  4:32  Forge  
  54  4:33  Probe  
  54  4:36  Probe  
  56  4:45  Probe  
  57  4:48  Probe  
  58  4:57  Probe  
  58  5:01  Probe  
  58  5:02  Observer (Chrono Boost)  
  58  5:05  Stalker x2  
  58  5:06  Stalker  
  66  5:09  Probe  
  66  5:13  Probe  
  68  5:17  Nexus  
  68  5:21  Probe, Pylon  
  68  5:23  Pylon  
  68  5:25  Probe  
  70  5:39  Probe x2, Immortal  
  76  5:43  Pylon  
  76  5:45  Pylon  
  76  5:48  Twilight Council  
  76  5:51  Probe x2  
  76  5:55  Gateway x2  
  78  5:59  Gateway x2  
  78  6:01  Gateway  
  78  6:05  Probe  
  78  6:06  Probe  
  78  6:08  Protoss Ground Weapons Level 1  
  80  6:16  Photon Cannon  
  80  6:18  Probe x2  
  82  6:19  Photon Cannon  
  82  6:31  Assimilator  
  82  6:34  Charge, Assimilator  
  82  6:35  Templar Archives  
  82  6:40  Probe x3  
  82  6:44  Sentry  
  82  6:45  Sentry x2  
  91  6:52  Probe x3  
  94  7:04  Probe x3  
  97  7:15  Pylon  
  97  7:16  Probe x2, Pylon  
  97  7:20  Pylon  
  97  7:21  Zealot x6  
  102  7:33  Probe x3  
  105  7:40  Shield Battery  
  105  7:42  Pylon, Photon Cannon  
  105  7:45  Probe x3, High Templar x3, Pylon  
  105  7:46  High Templar x2  
  105  7:47  High Templar  
  105  7:49  Archon  
  105  7:50  Archon  
  120  7:51  Archon  
  120  7:57  Psionic Storm  
  120  8:02  Photon Cannon  
  120  8:12  Immortal  
  124  8:16  Protoss Shields Level 1  
  124  8:18  High Templar x2  
  124  8:19  High Templar  
  124  8:28  Archon  
  124  8:37  Zealot x5  
  134  8:45  Pylon  
  134  8:47  Pylon  
  134  8:49  Pylon  
  134  8:51  Immortal  
  134  8:52  Probe x3  
  134  8:53  Photon Cannon  
  134  8:55  Photon Cannon  
  141  8:58  Pylon  
  141  9:02  Pylon  
  141  9:03  High Templar x3  
  141  9:04  High Templar x2  
  151  9:12  High Templar  
  151  9:13  Archon  
  151  9:14  Archon  
  153  9:18  Zealot x2  
  153  9:22  Archon  
  157  9:30  Observer  
  158  9:52  Photon Cannon  
  158  9:57  Photon Cannon  
  154  10:09  Nexus  
  154  10:13  Warp Prism  
  156  10:20  Gateway  
  156  10:21  Gateway  
  156  10:22  Gateway  
  156  10:24  Gateway  
  156  10:25  Protoss Ground Weapons Level 2  
  156  10:27  Pylon  
  156  10:28  High Templar x3  
  160  10:29  Gateway, High Templar  
  160  10:30  Pylon  
  160  10:31  Gateway  
  160  10:33  Archon  
  160  10:34  Archon  
  164  10:46  Sentry x3  
  164  10:49  Immortal  
  174  11:16  High Templar  
  174  11:17  High Templar x3  
  174  11:18  High Templar  
  184  11:22  Archon x2  
  184  11:24  High Templar  
  186  11:28  Archon  
  186  11:43  Zealot x5  
  196  11:56  Assimilator  
  196  12:01  Assimilator  
  196  12:02  Observer  
  196  12:04  High Templar x2  
  200  12:08  Archon  
  195  12:53  Zealot x2  
  195  13:01  Zealot x2  
  161  13:41  High Templar x3  
  161  13:42  High Templar x2  
  161  13:43  High Templar  
  161  13:45  Archon  
  161  13:46  Archon  
  161  13:47  Archon  
  161  13:48  Zealot x3  
  177  13:49  Zealot  
  177  13:50  Zealot  
  177  13:51  Zealot  
  180  14:12  Zealot x6  
  180  14:13  Zealot x2  
  190  14:25  Zealot x5  
  196  14:32  Observer  
  174  14:45  Observer (Chrono Boost)  
  169  15:05  Observer (Chrono Boost)  
  170  15:11  High Templar x2  
  170  15:12  High Templar x3  
  170  15:13  High Templar  
  182  15:15  Archon x2  
  182  15:16  Archon  
Show
View Real Time Build Order
Export as new Build Order

Astar Zerg 

Build Orders: Hatch First 

Get SALT Encoding   

  12  0:02  Drone  
  13  0:13  Overlord  
  13  0:23  Drone  
  14  0:31  Drone  
  14  0:32  Drone  
  16  0:35  Drone  
  17  0:56  Drone  
  18  0:57  Hatchery  
  18  1:03  Drone  
  18  1:14  Spawning Pool  
  18  1:17  Extractor  
  16  1:19  Drone  
  16  1:22  Drone  
  18  1:29  Drone  
  19  1:41  Drone  
  20  2:02  Zergling x4  
  22  2:09  Queen  
  22  2:11  Overlord  
  22  2:15  Queen  
  26  2:19  Zergling x2  
  27  2:30  Metabolic Boost  
  27  2:32  Drone x3  
  27  2:36  Drone  
  31  2:50  Roach Warren  
  30  2:52  Queen  
  30  2:57  Drone x3  
  35  3:07  Baneling Nest  
  35  3:09  Extractor, Drone x2  
  35  3:10  Drone  
  35  3:33  Overlord x2  
  35  3:34  Overlord  
  35  3:44  Overlord  
  35  3:55  Drone x4  
  39  3:56  Hatchery  
  39  3:59  Drone x2  
  40  4:10  Lair  
  40  4:14  Spore Crawler  
  39  4:17  Spore Crawler  
  38  4:24  Zergling x4  
  38  4:25  Zergling x4  
  38  4:27  Roach  
  38  4:30  Drone  
  45  4:31  Drone  
  45  4:33  Drone  
  45  4:35  Drone  
  48  4:50  Spore Crawler  
  47  4:55  Roach x2  
  47  4:56  Roach x2  
  55  5:08  Roach x2  
  55  5:10  Drone x2  
  61  5:14  Extractor  
  61  5:17  Extractor  
  61  5:21  Roach x3  
  65  5:23  Spine Crawler, Drone x3  
  67  5:30  Centrifical Hooks  
  67  5:45  Evolution Chamber  
  66  5:50  Spine Crawler  
  66  5:51  Spine Crawler  
  66  5:53  Evolution Chamber  
  66  5:57  Ravager x4  
  65  5:58  Ravager x2  
  65  6:02  Drone x3  
  72  6:05  Drone  
  72  6:07  Overlord  
  73  6:21  Overlord  
  73  6:25  Queen  
  75  6:38  Overseer  
  76  6:40  Drone x5  
  76  6:41  Drone  
  76  6:43  Spore Crawler  
  80  6:48  Baneling  
  80  6:49  Baneling x3  
  80  6:52  Zergling x2  
  80  6:53  Zergling x6  
  84  6:54  Drone  
  84  6:55  Drone  
  84  7:00  Drone x2  
  84  7:01  Drone  
  78  7:39  Zergling x2  
  78  7:40  Zergling x8  
  78  7:43  Baneling x2  
  83  7:48  Zergling x8  
  87  7:57  Drone x3  
  71  8:38  Roach x3  
  71  8:39  Zergling x4, Roach  
  71  8:40  Zergling x2  
  82  8:42  Overlord x4  
  82  8:59  Glial Reconstitution  
  82  9:02  Evolution Chamber x2  
  80  9:10  Infestation Pit  
  80  9:13  Overlord  
  80  9:14  Overlord  
  80  9:15  Zergling x14  
  86  9:17  Baneling x5  
  86  9:18  Baneling  
  86  9:24  Queen x3  
  86  9:29  Overseer x2, Overlord  
  86  9:30  Overlord x2  
  92  9:36  Drone x2  
  94  9:38  Drone  
  94  9:40  Extractor x2  
  69  10:04  Hatchery  
  59  10:16  Hive  
  59  10:19  Zerg Missile Weapons Level 1  
  59  10:20  Zerg Ground Armor Level 1  
  59  10:27  Hydralisk Den  
  58  10:31  Drone x2  
  58  10:32  Drone  
  58  10:34  Drone x3  
  64  10:37  Roach  
  64  10:38  Zergling x2, Roach x5  
  64  10:39  Zergling x16  
  85  10:49  Overseer  
  85  11:00  Hydralisk x6  
  97  11:12  Baneling x5  
  97  11:19  Grooved Spines  
  97  11:27  Lurker Den, Zergling x4  
  97  11:28  Hydralisk x4  
  97  11:30  Roach  
  97  11:31  Roach x2  
  112  12:31  Muscular Augments  
  112  12:41  Spore Crawler  
  111  12:45  Seismic Spines  
  111  12:52  Hydralisk  
  111  12:53  Hydralisk x13  
  111  12:54  Hydralisk x4  
  111  12:56  Zergling x12  
  111  12:57  Zergling x6  
  156  13:03  Drone  
  156  13:04  Drone x3  
  160  13:06  Overlord x3  
  139  13:31  Hydralisk  
  139  13:32  Hydralisk x5  
  139  13:33  Zergling x6  
  139  13:34  Zergling x2  
  95  13:39  Lurker  
  95  13:40  Lurker  
  80  13:41  Zergling x4  
  80  13:42  Adaptive Talons  
  80  13:48  Roach x2  
  10  15:01  Drone x2  
  10  15:02  Drone  
  10  15:03  Spawning Pool  
Tags
 
Add a new tag
Caveats
  • Supply blocks, unpowered buildings, or Contaminate may cause inaccurate times.
  • Supply counts are checked every 10 seconds.